AoeStats
← tuyentuyem55555

Fortress

509640872Analyzed
3v3 RM · 4d ago on Sep 27, 2026· 48m 49s· 6 players
Game mode
Random Map
Map size
Large (8 player)
Population
200
Speed
Normal
Resources
Standard
Victory
Conquest
Starting age
Dark Age
Ending age
Imperial Age
RankedLock teamsTeams togetherTeam positionsShared explorationLock speedFull tech treeHidden civsTurbo modeCheats
Victory
Defeat
🇮🇹 Byzantines · Italy
869
+16
🇨🇱 Vietnamese · Chile
867
+17
🇹🇼 Japanese · Taiwan
859
+17
🇻🇳 Celts · Vietnam
896
-17
🇻🇳 Spanish · Vietnam
878
-17
🇻🇳 Franks · Vietnam
873
-16
Kerrigan
1:26 Loom
7:54 Feudal Age
13:06 Castle Age
12:08 Horse Collar
13:08 Pikeman
19:00 Fervor
27:20 Imperial Age
24:48 Town Watch
25:54 Forging
26:04 Heavy Plow
26:51 Scale Mail Armor
26:46 Fletching
28:03 Squires
28:36 Conscription
28:59 Wheelbarrow
28:42 Chain Mail Armor
29:32 Kataparuto
29:55 Iron Casting
31:28 Plate Mail Armor
31:04 Town Patrol
31:07 Arson
32:48 Halberdier
35:27 Blast Furnace
34:44 Hand Cart
36:41 Scale Barding Armor
36:34 Bodkin Arrow
36:25 Double-Bit Axe
40:22 Chemistry
39:36 Caravan
42:07 Gold Mining
42:19 Stone Mining
45:09 Ballistics
44:48 Murder Holes
45:50 Fortified Wall
45:59 Elite Samurai
46:45 Bracer
46:47 Padded Archer Armor
46:52 Scale Barding Armor
47:00 Bow Saw
46:57 Husbandry
TitoHermoso
8:32 Feudal Age
9:07 Double-Bit Axe
9:04 Horse Collar
14:01 Castle Age
15:59 Wheelbarrow
17:05 Fletching
19:06 Hand Cart
19:16 Husbandry
19:56 Gold Mining
20:01 Stone Mining
21:51 Scale Barding Armor
22:40 Bodkin Arrow
22:47 Padded Archer Armor
24:55 Leather Archer Armor
25:26 Thumb Ring
25:47 Bow Saw
25:41 Heavy Plow
26:29 Loom
27:44 Chatras
31:21 Imperial Age
31:06 Ballistics
30:11 Elite Skirmisher
31:32 Forging
32:29 Paper Money
32:04 Pikeman
35:38 Chemistry
35:29 Bracer
40:14 Elite Rattan Archer
48:28 Ring Archer Armor
48:02 Squires
48:32 Murder Holes
enricodandoloparu
0:32 Loom
7:14 Feudal Age
11:04 Double-Bit Axe
13:47 Castle Age
11:43 Horse Collar
12:31 Gold Mining
14:45 Heavy Plow
15:15 Bow Saw
18:38 Wheelbarrow
20:46 Scale Barding Armor
23:46 Chain Barding Armor
24:33 Fortified Wall
25:53 Hand Cart
29:08 Imperial Age
29:07 Husbandry
30:08 Coinage
30:42 Crop Rotation
31:14 Two-Man Saw
29:45 Heavy Camel Rider
31:57 Plate Barding Armor
33:25 Guilds
33:45 Banking
34:24 Banking
40:22 Stone Mining
41:07 Conscription
43:01 Chemistry
42:20 Onager
44:17 Padded Archer Armor
44:08 Fletching
44:43 Ballistics
45:20 Caravan
44:43 Pikeman
44:43 Man-at-Arms
45:40 Leather Archer Armor
46:03 Hoardings
45:30 Greek Fire
45:18 Arrowslits
45:24 Guard Tower
trtrnghia123
2:29 Loom
9:43 Feudal Age
13:47 Castle Age
11:41 Double-Bit Axe
15:42 Wheelbarrow
16:05 Bow Saw
17:02 Gold Mining
17:03 Stone Mining
22:05 Ordonnance Companies
26:55 Imperial Age
24:41 Hand Cart
24:46 Padded Archer Armor
24:37 Fletching
27:09 Leather Archer Armor
26:50 Bodkin Arrow
29:14 Conscription
28:15 Elite Throwing Axeman
29:53 Gold Shaft Mining
29:23 Husbandry
29:30 Scale Barding Armor
29:35 Forging
29:40 Squires
29:26 Gambesons
29:26 Arson
34:53 Chain Barding Armor
34:33 Scale Mail Armor
35:08 Iron Casting
34:53 Chain Barding Armor
34:33 Scale Mail Armor
36:18 Chivalry
37:12 Cavalier
38:43 Plate Barding Armor
39:08 Blast Furnace
38:12 Light Cavalry
38:56 Paladin
42:23 Chain Mail Armor
41:32 Pikeman
42:06 Halberdier
44:05 Plate Mail Armor
tuyentuyem55555
0:47 Loom
8:34 Feudal Age
9:12 Double-Bit Axe
9:17 Horse Collar
11:17 Gold Mining
13:59 Castle Age
15:40 Town Watch
16:06 Bow Saw
16:47 Stone Mining
17:23 Forging
17:39 Forging
17:29 Scale Mail Armor
20:18 Masonry
20:33 Fortified Wall
22:25 Fletching
27:50 Wheelbarrow
27:30 Heavy Plow
28:38 Iron Casting
32:09 Imperial Age
32:11 Chain Mail Armor
32:38 Bodkin Arrow
32:26 Man-at-Arms
32:51 Gambesons
32:52 Arson
33:46 Conscription
34:02 Hoardings
34:03 Plate Mail Armor
34:34 Blast Furnace
33:50 Murder Holes
33:43 Arrowslits
33:34 Long Swordsman
35:36 Gold Shaft Mining
35:32 Conscription
34:38 Two-Handed Swordsman
37:13 Pikeman
38:10 Halberdier
40:05 Champion
45:34 Guard Tower
47:20 Hand Cart
PCTtamnek
1:05 Loom
10:22 Feudal Age
11:12 Double-Bit Axe
13:58 Horse Collar
17:06 Castle Age
21:50 Wheelbarrow
21:00 Town Watch
21:19 Husbandry
21:30 Bloodlines
27:17 Imperial Age
26:04 Hand Cart
25:50 Town Patrol
26:17 Ballistics
29:08 Chemistry
28:07 Murder Holes
28:36 Conscription
28:19 Gold Mining
29:04 Heavy Plow
29:46 Elite Conquistador
Connection lost

Rejoining the realm…

Still unreachable

The connection could not be restored.

Session expired

The server has moved on; the page needs a fresh start.